[Event "FIDE WCCC Open-12 2024"]
[Site "Montesilvano"]
[Date "2024.11.18"]
[Round "3.46"]
[White "Andreiev, Andrii"]
[Black "Yin, Milo"]
[Result "0-1"]
[ECO "C83"]
[WhiteElo "1704"]
[BlackElo "1925"]
[PlyCount "60"]
[EventDate "2024.11.18"]
[EventType "swiss"]
[EventCountry "ITA"]
[TimeControl "5400+30"]

1. e4 e5 2. Nf3 Nc6 3. Bb5 a6 4. Ba4 Nf6 5. O-O Be7 6. Re1 b5 7. Bb3 O-O 8. c3 d5 9. d4 Nxe4 10. dxe5 Be6 11. Nbd2 Nc5 12. Bc2 b4 13. Nd4 Nxd4 14. cxd4 Nd7 15. Nb3 c5 16. Re3 c4 17. Bxh7+ Kxh7 18. Qh5+ Kg8 19. Rg3 Bh4 20. Bg5 Bxg5 21. Rxg5 f6 22. Rg3 cxb3 23. Re1 bxa2 24. h4 fxe5 25. Ree3 a1=Q+ 26. Kh2 Qe7 27. Rg5 Nf6 28. Qg6 Ng4+ 29. Rxg4 Bxg4 30. Rxe5 Qxh4# 0-1

[Event "FIDE WCCC Open-12 2024"]
[Site "Montesilvano"]
[Date "2024.11.18"]
[Round "3.47"]
[White "Yerzhanuly Yernur"]
[Black "Italiani, Luca"]
[Result "1-0"]
[ECO "D30"]
[WhiteElo "1917"]
[BlackElo "1634"]
[PlyCount "75"]
[EventDate "2024.11.18"]
[EventType "swiss"]
[EventCountry "ITA"]
[TimeControl "5400+30"]

1. d4 d5 2. c4 e6 3. Nf3 h6 4. Qc2 Bb4+ 5. Bd2 Bxd2+ 6. Nbxd2 Nf6 7. g3 O-O 8. Bg2 Nc6 9. O-O dxc4 10. Qxc4 Re8 11. Rfd1 a6 12. Ne5 Nxe5 13. dxe5 Nd7 14. Ne4 Rb8 15. Nc5 b5 16. Qd4 Qg5 17. Nxd7 Bxd7 18. f4 Qf5 19. Qxd7 Qc2 20. Rd2 Qc5+ 21. Qd4 Qe7 22. Rad1 c5 23. Qd6 Qa7 24. Be4 Rec8 25. Qd7 Qxd7 26. Rxd7 c4 27. Bb7 Rc5 28. Rd8+ Rxd8 29. Rxd8+ Kh7 30. Bxa6 c3 31. bxc3 Rxc3 32. Bxb5 Kg6 33. Bd3+ Kh5 34. h3 g6 35. Kg2 Ra3 36. Rh8 Rxd3 37. g4+ Kh4 38. Rxh6# 1-0

[Event "FIDE WCCC Open-12 2024"]
[Site "Montesilvano"]
[Date "2024.11.18"]
[Round "3.48"]
[White "Chia, Yu Zhe Ashton"]
[Black "Hallmundarson, Birkir"]
[Result "1-0"]
[ECO "B31"]
[WhiteElo "2252"]
[BlackElo "1914"]
[PlyCount "34"]
[EventDate "2024.11.18"]
[EventType "swiss"]
[EventCountry "ITA"]
[TimeControl "5400+30"]

1. e4 c5 2. Nf3 Nc6 3. Bb5 g6 4. O-O Bg7 5. c3 d5 6. Qa4 Qd6 7. exd5 Qxd5 8. d4 cxd4 9. cxd4 Bd7 10. Nc3 Qd6 11. d5 Bxc3 12. bxc3 Qxd5 13. Bb2 Nf6 14. c4 Qf5 15. Qa3 O-O 16. Rad1 Rfe8 17. Rfe1 Ne4 1-0

[Event "FIDE WCCC Open-12 2024"]
[Site "Montesilvano"]
[Date "2024.11.18"]
[Round "3.49"]
[White "Chen, Jun-Wei"]
[Black "Farzaleev, Daniyar"]
[Result "0-1"]
[ECO "B31"]
[WhiteElo "1907"]
[BlackElo "1622"]
[PlyCount "110"]
[EventDate "2024.11.18"]
[EventType "swiss"]
[EventCountry "ITA"]
[TimeControl "5400+30"]

1. e4 c5 2. Nf3 Nc6 3. Bb5 g6 4. Bxc6 dxc6 5. d3 Bg7 6. h3 Nf6 7. O-O O-O 8. Qe2 Qc7 9. Nc3 b6 10. Be3 Ba6 11. a4 Rfd8 12. Rfd1 Nh5 13. g3 Bc8 14. Kg2 Qd7 15. g4 Nf6 16. Rh1 h5 17. g5 Ne8 18. Nh4 e5 19. a5 Nc7 20. Qf3 Ba6 21. b3 Ne6 22. axb6 axb6 23. Ne2 Qe7 24. Qg3 Nf4+ 25. Nxf4 exf4 26. Bxf4 Bxa1 27. Rxa1 Bb7 28. Be5 Rxa1 29. Bxa1 Ra8 30. Bf6 Qe6 31. Qc7 Qc8 32. Qe7 Ba6 33. f4 Qb7 34. f5 Qxe7 35. Bxe7 Bc8 36. Kf3 Ra2 37. Kf4 Rxc2 38. Nf3 gxf5 39. exf5 Rf2 40. f6 Be6 41. Kg3 Re2 42. Kf4 Bxb3 43. Ne5 Be6 44. h4 Rh2 45. g6 fxg6 46. Nxg6 Bf7 47. Ne5 Rxh4+ 48. Kg5 Rd4 49. Nxc6 Rxd3 50. Ne5 Rd4 51. Nf3 Rg4+ 52. Kf5 Ra4 53. Ne5 c4 54. Ke4 b5 55. Ke3 b4 0-1

[Event "FIDE WCCC Open-12 2024"]
[Site "Montesilvano"]
[Date "2024.11.18"]
[Round "3.50"]
[White "Zhan, Jayden Zihan"]
[Black "Tona, Leonardo"]
[Result "0-1"]
[ECO "B12"]
[WhiteElo "1670"]
[BlackElo "1906"]
[PlyCount "92"]
[EventDate "2024.11.18"]
[EventType "swiss"]
[EventCountry "ITA"]
[TimeControl "5400+30"]

1. e4 c6 2. d4 d5 3. e5 Bf5 4. Nf3 e6 5. Be2 Ne7 6. O-O Ng6 7. Nbd2 f6 8. exf6 Qxf6 9. Nb3 Bd6 10. Re1 O-O 11. Bg5 Qf7 12. Bd3 h6 13. Be3 Nd7 14. Qd2 Bxd3 15. Qxd3 Bf4 16. c4 Nb6 17. cxd5 exd5 18. Nc5 Nc4 19. b3 Nd6 20. Bd2 Bxd2 21. Qxd2 b6 22. Nd3 Ne4 23. Qc2 Rac8 24. Rf1 Qe6 25. Nde5 c5 26. Nxg6 Qxg6 27. Ne5 Qg5 28. Qd3 Rf5 29. Nf3 Qf4 30. Rac1 Rcf8 31. dxc5 bxc5 32. Rcd1 d4 33. b4 Nc3 34. Rde1 cxb4 35. Nxd4 Rd5 36. Qe3 Qxd4 37. Qe6+ Kh8 38. Qe7 Rdf5 39. Qe3 Qxe3 40. Rxe3 Nxa2 41. Re7 a5 42. Rb7 a4 43. Ra7 a3 44. h3 Nc3 45. f3 a2 46. Rb7 Rb5 0-1

[Event "FIDE WCCC Open-12 2024"]
[Site "Montesilvano"]
[Date "2024.11.18"]
[Round "3.52"]
[White "Vinales Gonzalez, Enzo Mathias"]
[Black "Sharafutdinov, Timur"]
[Result "1-0"]
[ECO "C52"]
[WhiteElo "1903"]
[BlackElo "1925"]
[PlyCount "61"]
[EventDate "2024.11.18"]
[EventType "swiss"]
[EventCountry "ITA"]
[TimeControl "5400+30"]

1. e4 e5 2. Nf3 Nc6 3. Bc4 Bc5 4. b4 Bxb4 5. c3 Ba5 6. d4 exd4 7. O-O Nf6 8. Qb3 O-O 9. e5 d5 10. Bd3 Nd7 11. cxd4 Ne7 12. Ba3 c6 13. Nc3 Re8 14. Ne2 Qb6 15. Qd1 c5 16. Rb1 Qc7 17. Rc1 c4 18. Nf4 Qc6 19. Bd6 Ng6 20. Nxd5 Qxd5 21. Bxc4 Qe4 22. Bxf7+ Kh8 23. Bxe8 Nf4 24. Qc2 Qe2 25. Qxc8 Rxc8 26. Rxc8 g6 27. Bxd7+ Kg7 28. Bf8+ Kf7 29. Ng5+ Kg8 30. Bh6+ Bd8 31. Rxd8# 1-0

[Event "FIDE WCCC Open-12 2024"]
[Site "Montesilvano"]
[Date "2024.11.18"]
[Round "3.53"]
[White "Shirinov, Yashar"]
[Black "Ivarlac, Vladislav"]
[Result "1-0"]
[ECO "D38"]
[WhiteElo "1642"]
[BlackElo "1867"]
[PlyCount "155"]
[EventDate "2024.11.18"]
[EventType "swiss"]
[EventCountry "ITA"]
[TimeControl "5400+30"]

1. d4 Nf6 2. c4 e6 3. Nc3 Bb4 4. Qc2 d5 5. Nf3 O-O 6. a3 Be7 7. Bg5 c6 8. cxd5 exd5 9. e3 h6 10. Bf4 Nbd7 11. Bd3 Re8 12. O-O Nh5 13. Nxd5 Nxf4 14. Nxf4 Bd6 15. Nh5 Nf8 16. Ng3 Bg4 17. Nd2 g6 18. Nde4 Bc7 19. Qb3 Rb8 20. Rfc1 h5 21. Nf1 Be6 22. Qc3 Bd5 23. Nc5 Qg5 24. e4 Be6 25. e5 Nd7 26. Nxe6 Rxe6 27. Ng3 Nb6 28. Ne4 Qf4 29. g3 Qh6 30. Bc4 Re7 31. Bb3 Rd8 32. Rd1 Qf8 33. f4 Nc8 34. f5 Kh8 35. f6 Ree8 36. Ng5 Rd7 37. Qc4 Nb6 38. Qc2 Nd5 39. e6 fxe6 40. Qxg6 Nxf6 41. Rf1 Bb6 42. Rad1 Rxd4 43. Rxd4 Bxd4+ 44. Kg2 Qg7 45. Rxf6 Qxg6 46. Rxg6 Bxb2 47. Bxe6 Bg7 48. Kf3 Rf8+ 49. Ke3 Rf6 50. Nf7+ Kh7 51. Rxf6 Bxf6 52. Nd6 Be7 53. Nxb7 Bxa3 54. Kf4 Kh6 55. h3 Bc1+ 56. Ke5 h4 57. g4 Kg5 58. Na5 c5 59. Nb3 Ba3 60. Nd2 Bb2+ 61. Ke4 Bf6 62. Bf7 a5 63. Nf3+ Kh6 64. Kf5 Kg7 65. Bc4 a4 66. g5 Bc3 67. Nxh4 a3 68. Nf3 Bb2 69. h4 Bc3 70. h5 Bb2 71. h6+ Kh8 72. Ne5 Bc3 73. Nf7+ Kg8 74. Kg6 a2 75. Bxa2 c4 76. Bxc4 Bg7 77. Nh8+ Kxh8 78. hxg7# 1-0

[Event "FIDE WCCC Open-12 2024"]
[Site "Montesilvano"]
[Date "2024.11.18"]
[Round "3.54"]
[White "Mintz, Nathan"]
[Black "Ritzerveld, Noah"]
[Result "0-1"]
[ECO "A21"]
[WhiteElo "1633"]
[BlackElo "2285"]
[PlyCount "134"]
[EventDate "2024.11.18"]
[EventType "swiss"]
[EventCountry "ITA"]
[TimeControl "5400+30"]

1. c4 e5 2. Nc3 f5 3. g3 Be7 4. Bg2 Nf6 5. d3 a5 6. Nf3 d6 7. O-O O-O 8. Qc2 Qe8 9. Bg5 h6 10. Bxf6 Bxf6 11. Nd5 Bd8 12. c5 Nc6 13. Nd2 Nd4 14. Qd1 dxc5 15. e3 Ne6 16. Nc4 c6 17. Ndb6 Bxb6 18. Nxb6 Ra6 19. Qb3 Kh8 20. Nc4 Ng5 21. Rfe1 Nf7 22. Rad1 b5 23. Nd2 Be6 24. Qc3 Qe7 25. Nf3 Bxa2 26. Nh4 Qf6 27. Qxc5 Kg8 28. e4 f4 29. Nf5 Be6 30. Ne7+ Kh7 31. d4 Re8 32. Nf5 Bb3 33. Rd3 Bc4 34. Ra3 exd4 35. gxf4 d3 36. Qe3 g6 37. Nd4 c5 38. Nf3 Qxb2 39. Raa1 Rd6 40. Nd2 a4 41. e5 Rdd8 42. Be4 Be6 43. Rab1 Qd4 44. Qg3 Rg8 45. h4 Kh8 46. Re3 c4 47. Bxg6 Rxg6 48. Qxg6 Rg8 49. Qxg8+ Kxg8 50. Rg3+ Kf8 51. Rxb5 c3 52. Nf3 Qd8 53. Kf1 d2 54. Rb1 d1=Q+ 55. Rxd1 Qxd1+ 56. Kg2 Bd5 57. h5 Qxf3+ 58. Rxf3 c2 59. Kg3 Bxf3 60. Kxf3 c1=Q 61. Kg4 Qc2 62. f5 Qe4+ 63. Kg3 Ng5 64. f4 Qf3+ 65. Kh2 Qf2+ 66. Kh1 Ne4 67. e6 Ng3# 0-1

[Event "FIDE WCCC Open-12 2024"]
[Site "Montesilvano"]
[Date "2024.11.18"]
[Round "3.56"]
[White "Saminskij, Jan"]
[Black "Boiko, Nazar"]
[Result "1-0"]
[ECO "C02"]
[WhiteElo "2202"]
[BlackElo "1614"]
[PlyCount "47"]
[EventDate "2024.11.18"]
[EventType "swiss"]
[EventCountry "ITA"]
[TimeControl "5400+30"]

1. e4 e6 2. d4 d5 3. e5 c5 4. c3 Qb6 5. Nf3 Nc6 6. Be2 cxd4 7. cxd4 Nh6 8. Bxh6 Qxb2 9. Nbd2 gxh6 10. O-O Bg7 11. Nb3 Qa3 12. Bd3 Qe7 13. Rc1 O-O 14. Re1 f5 15. exf6 Bxf6 16. Bb5 Bd7 17. Bxc6 bxc6 18. Nc5 Rab8 19. Qd2 Kg7 20. Rc3 Rfe8 21. Qe2 Rf8 22. Ne5 Bxe5 23. Qxe5+ Rf6 24. Qxb8 1-0

[Event "FIDE WCCC Open-12 2024"]
[Site "Montesilvano"]
[Date "2024.11.18"]
[Round "3.57"]
[White "Stefanov, Stefan"]
[Black "Marchand, Calix"]
[Result "0-1"]
[ECO "E14"]
[WhiteElo "1478"]
[BlackElo "2027"]
[PlyCount "61"]
[EventDate "2024.11.18"]
[EventType "swiss"]
[EventCountry "ITA"]
[TimeControl "5400+30"]

1. d4 Nf6 2. Nf3 e6 3. c4 Bb4+ 4. Nbd2 b6 5. e3 Bb7 6. Be2 O-O 7. O-O d5 8. a3 Be7 9. b4 Ne4 10. Bb2 Nd7 11. Nxe4 dxe4 12. Nd2 c5 13. b5 cxd4 14. Bxd4 e5 15. Bc3 f5 16. Qc2 Qe8 17. Bb4 Nc5 18. Bxc5 Bxc5 19. Nb3 Rc8 20. Nxc5 Rxc5 21. Rad1 f4 22. Rfe1 Qe6 23. Bf1 h5 24. Qd2 Rf7 25. Qd8+ Kh7 26. Qh4 Qg6 27. g4 Qxg4+ 28. Qxg4 hxg4 29. exf4 exf4 30. Rd4 Rh5 31. Bg2 0-1

[Event "FIDE WCCC Open-12 2024"]
[Site "Montesilvano"]
[Date "2024.11.18"]
[Round "3.58"]
[White "Son, Juwon"]
[Black "Su, Jayden Chenxuan"]
[Result "1/2-1/2"]
[ECO "C29"]
[WhiteElo "1448"]
[BlackElo "1700"]
[PlyCount "39"]
[EventDate "2024.11.18"]
[EventType "swiss"]
[EventCountry "ITA"]
[TimeControl "5400+30"]

1. e4 e5 2. Nc3 Nf6 3. f4 d5 4. fxe5 Nxe4 5. Nf3 Bc5 6. d4 Bb4 7. Bd2 c5 8. Bd3 Nxd2 9. Qxd2 cxd4 10. Nxd4 Nc6 11. Bb5 Bd7 12. Nxc6 bxc6 13. Be2 Be6 14. a3 Qa5 15. O-O Bxc3 16. bxc3 Qc7 17. Qf4 O-O 18. Rf3 Qe7 19. Bd3 h6 20. Rg3 1/2-1/2

[Event "FIDE WCCC Open-12 2024"]
[Site "Montesilvano"]
[Date "2024.11.18"]
[Round "3.59"]
[White "Anuzis, Finas"]
[Black "Sobirov, Feruzbek"]
[Result "0-1"]
[ECO "D02"]
[WhiteElo "1614"]
[BlackElo "1487"]
[PlyCount "74"]
[EventDate "2024.11.18"]
[EventType "swiss"]
[EventCountry "ITA"]
[TimeControl "5400+30"]

1. d4 Nf6 2. Nf3 e6 3. Bf4 d5 4. e3 Bd6 5. Bg3 O-O 6. Bd3 Ne4 7. Nbd2 f5 8. O-O c5 9. c3 Nc6 10. Ne1 cxd4 11. exd4 f4 12. Bxe4 dxe4 13. Nxe4 fxg3 14. hxg3 Bc7 15. Nf3 Qd5 16. Nc5 b6 17. Nb3 a5 18. Nbd2 Qb5 19. Qc2 Bb7 20. g4 Qd5 21. Rfe1 Qd6 22. Qb3 Rae8 23. Nc4 Qf4 24. Ncd2 Qxg4 25. Kf1 Nd8 26. Qc4 Bf4 27. Ne5 Bxg2+ 28. Kg1 Bxe5 29. dxe5 Qg5 30. Kh2 Qxd2 31. Kxg2 Qxf2+ 32. Kh1 Qf3+ 33. Kh2 Qh5+ 34. Kg1 Qg5+ 35. Kh1 Rf2 36. Qe4 Qh5+ 37. Kg1 Qh2# 0-1

[Event "FIDE WCCC Open-12 2024"]
[Site "Montesilvano"]
[Date "2024.11.18"]
[Round "3.60"]
[White "Krasniqi, Troi"]
[Black "Mamarasulov, Husan"]
[Result "0-1"]
[ECO "B32"]
[WhiteElo "1610"]
[BlackElo "1407"]
[PlyCount "48"]
[EventDate "2024.11.18"]
[EventType "swiss"]
[EventCountry "ITA"]
[TimeControl "5400+30"]

1. e4 c5 2. Nf3 Nc6 3. d4 cxd4 4. Nxd4 e5 5. Nb5 d6 6. Bc4 Nf6 7. Bg5 a6 8. Bxf6 gxf6 9. N5c3 Rg8 10. Qh5 Rg7 11. h3 Nd4 12. Bd3 Qb6 13. b3 Rxg2 14. Rf1 Be6 15. Nd5 Bxd5 16. exd5 Qa5+ 17. Nd2 Rg5 18. Qd1 e4 19. Bxe4 Re5 20. Qg4 f5 21. Qg2 Rxe4+ 22. Kd1 Qc3 23. Nxe4 Qxc2+ 24. Ke1 Qe2# 0-1

[Event "FIDE WCCC Open-12 2024"]
[Site "Montesilvano"]
[Date "2024.11.18"]
[Round "3.66"]
[White "Lin, Alex Y"]
[Black "Zutautas, Mantas"]
[Result "0-1"]
[ECO "A11"]
[WhiteElo "1943"]
[BlackElo "1540"]
[PlyCount "84"]
[EventDate "2024.11.18"]
[EventType "swiss"]
[EventCountry "ITA"]
[TimeControl "5400+30"]

1. c4 c6 2. d3 d5 3. cxd5 cxd5 4. e3 Nf6 5. Nd2 e6 6. Be2 Nc6 7. Ngf3 Be7 8. O-O O-O 9. Re1 b6 10. a3 Bb7 11. b3 Rc8 12. Bb2 Re8 13. Rc1 Bf8 14. Qc2 e5 15. Qb1 Qd7 16. e4 d4 17. b4 Nh5 18. Bd1 Nf4 19. Nh4 Ba6 20. Bc2 Qg4 21. Ndf3 g5 22. g3 gxh4 23. Nxh4 Ne2+ 24. Rxe2 Qxe2 25. Re1 Qg4 26. Bd1 Qe6 27. Kg2 Ne7 28. h3 Ng6 29. Nxg6 fxg6 30. Bg4 Qf6 31. Bxc8 Bxc8 32. Qa2+ Qe6 33. Qxe6+ Bxe6 34. Rc1 Rc8 35. Rf1 Rc2 36. Ba1 Rd2 37. h4 Rxd3 38. f4 Bd6 39. Rc1 Bd7 40. a4 exf4 41. gxf4 Bxf4 42. Rf1 Bh3+ 0-1

[Event "FIDE WCCC Open-12 2024"]
[Site "Montesilvano"]
[Date "2024.11.18"]
[Round "3.69"]
[White "Sharku, Uvejs"]
[Black "Mamarasulov, Husan"]
[Result "1-0"]
[ECO "D02"]
[WhiteElo "1516"]
[BlackElo "1407"]
[PlyCount "149"]
[EventDate "2024.11.18"]
[EventType "swiss"]
[EventCountry "ITA"]
[TimeControl "5400+30"]

1. d4 Nf6 2. Bf4 d5 3. Nf3 e6 4. e3 Be7 5. Bd3 O-O 6. O-O Nc6 7. h3 h5 8. Ne5 Bd6 9. Nxc6 bxc6 10. Bg5 Rb8 11. b3 e5 12. c3 e4 13. Bc2 Bf5 14. Bxf6 Qxf6 15. Qxh5 Bg6 16. Qd1 Qg5 17. Nd2 Bh5 18. Qe1 Bf3 19. Nxf3 exf3 20. g3 Qh5 21. Kh2 g5 22. Rh1 g4 23. Kg1 gxh3 24. Qf1 Kg7 25. Qxh3 Qxh3 26. Rxh3 Rh8 27. Rxh8 Rxh8 28. Bd1 f5 29. Rc1 Kf6 30. Bxf3 a5 31. c4 Ke6 32. cxd5+ cxd5 33. Kg2 a4 34. Rh1 Rxh1 35. Kxh1 a3 36. Kh2 c6 37. Kh3 Kf6 38. Be2 c5 39. dxc5 Bxc5 40. Kg2 Ke5 41. Bd3 d4 42. exd4+ Kxd4 43. Bxf5 Kc3 44. b4 Bxb4 45. Kf3 Kd4 46. g4 Ke5 47. Ke3 Bc5+ 48. Kf3 Bb6 49. Kg3 Kf6 50. f4 Be3 51. Bc2 Bc5 52. g5+ Kg7 53. Kg4 Be3 54. f5 Kf7 55. Kh5 Bd4 56. Bb3+ Kg7 57. f6+ Bxf6 58. gxf6+ Kxf6 59. Kg4 Ke5 60. Kf3 Kd4 61. Ke2 Kc3 62. Ke3 Kb4 63. Kd4 Kb5 64. Kc3 Kc5 65. Bc4 Kb6 66. Kb4 Kc6 67. Kxa3 Kc5 68. Bf1 Kb6 69. Ka4 Kc5 70. Ka5 Kc6 71. Bg2+ Kc5 72. a4 Kd6 73. Kb6 Kd7 74. a5 Kc8 75. a6 1-0